[Event "Titled Tuesday Blitz November 15 Early 2022"]
[White "Martin, Lewis"]
[Black "Minko, Dmitry"]
[WhiteFideId "410551"]
[BlackFideId "24188468"]
[WhiteElo "2145"]
[BlackElo "2147"]
[Result "1-0"]
[Round "06"]
[TimeControl "180+1"]
[Date "2022.11.16"]
[WhiteClock "0:00:03"]
[BlackClock "0:00:31"]

1. e4 e5 2. Nf3 Nc6 3. Bb5 Nf6 4. d3 Ne7 5. O-O c6 6. Ba4 Ng6 7. c3 Be7 8. Re1 O-O 9. d4 d5 10. Nxe5 Nxe4 11. Nxg6 fxg6 12. f3 Nd6 13. Nd2 Bh4 14. Re2 Bf5 15. Nf1 Qd7 16. Bf4 Nc4 17. Bb3 Rae8 18. Bg3 Rxe2 19. Qxe2 Re8 20. Qf2 Bg5 21. Bxc4 dxc4 22. Re1 Bd3 23. Rxe8+ Qxe8 24. Be5 Bc1 25. f4 Qe6 26. Ng3 Qg4 27. Qe1 Bxb2 28. Bd6 Qd7 29. Bb4 b6 30. Qd2 Ba1 31. Qc1 c5 32. dxc5 bxc5 33. Bxc5 Qc7 34. Bd4 h6 35. Qxa1 Qxf4 36. Qe1 Qf7 37. Qe5 a6 38. h3 Kh7 39. Ne4 Qf1+ 40. Kh2 Qf7 41. Nd6 Qd7 42. Ne8 a5 43. Qxg7+ Qxg7 44. Nxg7 a4 45. Ne6 g5 46. Nc5 Bc2 47. Nb7 Kg6 48. Na5 Bd3 49. Kg3 Kf5 50. Kf3 h5 51. g4+ hxg4+ 52. hxg4+ Ke6 53. Nc6 Bc2 54. Ne5 Bd1+ 55. Ke3 Kd5 56. Nf3 Bb3 57. a3 Bd1 58. Nxg5 Bxg4 59. Ne4 Bd1 60. Nc5 Kc6 61. Kd2 Bb3 62. Nxb3 axb3 63. Kc1 Kb5 64. Kb2 Ka4 65. Bc5 Kb5 66. Bb4 Ka4 67. Kc1 Kb5 68. Kb2 Ka4 69. Bd6 Kb5 70. Bf4 Ka4 71. Bc1 Kb5 72. Be3 Ka4 73. Bc1 Kb5 74. Ka1 Ka4 75. Bb2 Kb5 76. Kb1 Kc5 77. Kc1 Kd5 78. Kd2 Ke4 79. Ke2 Kd5 80. Ke3 Kc5 81. Ke4 Kb5 82. Kd4 Ka5 83. Kxc4 Ka4 84. Bc1 Ka5 85. Kxb3 Kb5 86. a4+ Kc5 87. Ba3+ Kb6 88. c4 Ka5 89. Bb4+ Kb6 90. c5+ Ka6 91. Kc4 Kb7 92. Kb5 Kc7 93. c6 Kb8 94. Bd6+ Ka7 95. c7 Kb7 96. Kc5 Kc8 97. Bf4 Kb7 98. Kb5 Kc8 99. Kb6 Kd7 100. Kb7 Ke7 101. c8=Q Kf6 102. Qc6+ Kf5 103. Qf3 Ke6 104. Qe4+ Kd7 105. Qd5+ Ke7 106. Bg5+ Kf8 107. Qd6+ Kg7 108. Qf6+ Kh7 109. Bh6 Kg8 110. Qg7# 1-0


[Site "https://www.chess.com"]

[Event "Titled Tuesday Blitz November 15 Early 2022"]
[White "Martinez Alcantara, Jose Eduardo"]
[Black "Firouzja, Alireza"]
[WhiteFideId "3805662"]
[BlackFideId "12573981"]
[WhiteElo "2705"]
[BlackElo "2903"]
[Result "1-0"]
[Round "06"]
[TimeControl "180+1"]
[Date "2022.11.15"]
[WhiteClock "0:00:12"]
[BlackClock "0:00:03"]

1. e4 g6 2. d4 Bg7 3. c3 d6 4. Bd3 Nf6 5. Nf3 O-O 6. h3 Nbd7 7. O-O e5 8. Bc2 Re8 9. Re1 b6 10. Bg5 Bb7 11. Nbd2 h6 12. Bh4 Qc8 13. Bg3 a6 14. a4 a5 15. Rc1 Bc6 16. Bd3 Ra7 17. Qc2 Qa8 18. Bc4 exd4 19. Nxd4 Bxe4 20. Nxe4 Rxe4 21. Bb5 Rxe1+ 22. Rxe1 Qf8 23. Bc6 Nb8 24. Bf3 c5 25. Nb5 Rd7 26. c4 Na6 27. Qd2 Nb4 28. Bh4 g5 29. Bg3 d5 30. cxd5 Nfxd5 31. Rd1 Qd8 32. Bg4 Re7 33. Nc3 Bd4 34. Nb5 Nc6 35. Nd6 Re3 36. Nf5 Rb3 37. Nxh6+ Kh7 38. Nf5 Rxb2 39. Qd3 Ncb4 40. Qe4 Nf6 41. Qf3 Nxg4 42. Qxg4 Qf6 43. Re1 Nd3 44. Qh5+ 1-0


[Site "https://www.chess.com"]

[Event "Titled Tuesday Blitz November 15 Early 2022"]
[White "Matveeva, Olga"]
[Black "Cramling Bellon, Anna"]
[WhiteFideId "24107018"]
[BlackFideId "32009232"]
[WhiteElo "2055"]
[BlackElo "1972"]
[Result "0-1"]
[Round "06"]
[TimeControl "180+1"]
[Date "2022.11.16"]
[WhiteClock "0:00:01"]
[BlackClock "0:00:06"]

1. d4 Nf6 2. c4 e6 3. g3 d5 4. Nf3 Bb4+ 5. Bd2 Bd6 6. Nc3 c6 7. Bg5 Nbd7 8. e4 dxe4 9. Nxe4 Bb4+ 10. Nc3 Qa5 11. Qc2 Ne4 12. Qxe4 Bxc3+ 13. Bd2 Bxd2+ 14. Nxd2 Nf6 15. Qe5 Qb4 16. O-O-O O-O 17. Bd3 b5 18. c5 Rd8 19. Nf3 Rd5 20. Qf4 Bd7 21. g4 a5 22. h4 a4 23. a3 Rxc5+ 24. Kb1 Qb3 25. dxc5 Nd5 26. Qe4 Nc3+ 27. Ka1 Nxe4 28. Bxe4 b4 29. Rd3 Qc2 30. Ng5 bxa3 31. bxa3 Qxf2 32. Bxh7+ Kh8 33. Be4 Rb8 34. Rb1 Qf6+ 35. Ka2 Rxb1 36. Kxb1 g6 37. Rxd7 Qf1+ 38. Kb2 Qb5+ 39. Ka1 Qxc5 40. Nxf7+ Kg8 41. Ng5 Qc1+ 42. Ka2 Qc4+ 43. Ka1 Qc3+ 44. Ka2 Qb3+ 45. Ka1 Qxa3+ 46. Kb1 Qb4+ 47. Ka1 a3 48. Rd8+ Kg7 49. Rd7+ Kf6 50. Rf7+ Ke5 51. Nf3+ Kxe4 52. Ng5+ Ke5 53. Nf3+ Ke4 54. Ng5+ Ke3 55. Rf3+ Ke2 56. Re3+ Kxe3 0-1


[Site "https://www.chess.com"]

[Event "Titled Tuesday Blitz November 15 Early 2022"]
[White "Mejia, Cherry Ann"]
[Black "Hirneise, Jens"]
[WhiteFideId "5206880"]
[BlackFideId "24614734"]
[WhiteElo "2007"]
[BlackElo "2344"]
[Result "1-0"]
[Round "06"]
[TimeControl "180+1"]
[Date "2022.11.16"]
[WhiteClock "0:01:59"]
[BlackClock "0:01:30"]

1. e4 d5 2. exd5 Nf6 3. Bb5+ Nbd7 4. Be2 Nxd5 5. d4 N7f6 6. Nf3 Bg4 7. O-O e6 8. c4 Nb6 9. b3 Be7 10. Nc3 O-O 11. h3 Bh5 12. Be3 c6 13. Ne5 Bg6 14. Nxg6 hxg6 15. Bf3 Qd7 16. Qc2 Rfd8 17. Rad1 Nh7 18. d5 cxd5 19. cxd5 Nxd5 20. Nxd5 exd5 21. Rxd5 Qe8 22. Rxd8 Rxd8 23. Bxb7 Qb5 24. Bf3 Ng5 25. Bxg5 Bxg5 26. Rd1 Rxd1+ 27. Qxd1 a5 28. Qe2 Qxe2 29. Bxe2 Kf8 30. g3 Bc1 31. f4 Ke7 32. Kf2 f6 33. Bd3 g5 34. fxg5 Bxg5 35. Kf3 Kd6 36. Ke4 Bd2 37. Kf5 Kd7 38. Kg6 Ke7 39. Kxg7 1-0


[Site "https://www.chess.com"]

[Event "Titled Tuesday Blitz November 15 Early 2022"]
[White "Melaugh, Shane"]
[Black "Kosteniuk, Alexandra"]
[WhiteFideId "2509580"]
[BlackFideId "4128125"]
[WhiteElo "2025"]
[BlackElo "2469"]
[Result "0-1"]
[Round "06"]
[TimeControl "180+1"]
[Date "2022.11.16"]
[WhiteClock "0:00:03"]
[BlackClock "0:00:06"]

1. c4 f5 2. d4 Nf6 3. g3 g6 4. Bg2 Bg7 5. Nf3 O-O 6. O-O d6 7. Nc3 a5 8. Qc2 Na6 9. e4 Nb4 10. Qe2 fxe4 11. Nxe4 Nxe4 12. Qxe4 Bf5 13. Qh4 e5 14. Bg5 Qe8 15. dxe5 dxe5 16. a3 Nc6 17. Rad1 e4 18. Rfe1 Rf7 19. Bh6 Bf6 20. Ng5 Re7 21. Qf4 Be5 22. Qe3 Rd8 23. Rxd8 Qxd8 24. Nxe4 Qd4 25. Bg5 Qxe3 26. Rxe3 Rf7 27. Nc3 Bd4 28. Bd5 Bxe3 29. Bxe3 Ne5 30. Bxf7+ Kxf7 31. c5 c6 32. b4 Nc4 33. bxa5 Nxa5 34. a4 Nc4 35. Bd4 Bc2 36. f4 Ke6 37. Kf2 Nb2 38. a5 Nc4 39. Ke2 Nxa5 40. Kd2 Bb3 41. g4 Bc4 42. Ke3 Bd5 43. Ne4 Nc4+ 44. Kd3 Bxe4+ 45. Kxe4 Nd2+ 46. Ke3 Nb3 47. Ke4 Nd2+ 48. Ke3 Nf1+ 49. Kf2 Nxh2 50. Kg3 Nf1+ 51. Kf2 Nd2 52. Bc3 Ne4+ 0-1


[Site "https://www.chess.com"]

[Event "Titled Tuesday Blitz November 15 Early 2022"]
[White "Melian, Juan Sebastian"]
[Black "Zacurdajev, Dmitry"]
[WhiteFideId "3706575"]
[BlackFideId "4196309"]
[WhiteElo "2044"]
[BlackElo "2179"]
[Result "1-0"]
[Round "06"]
[TimeControl "180+1"]
[Date "2022.11.16"]
[WhiteClock "0:00:04"]
[BlackClock "0:00:02"]

1. d4 d5 2. c4 e6 3. Nc3 Nf6 4. cxd5 exd5 5. Bg5 Be7 6. e3 Nbd7 7. Bd3 c6 8. Nge2 Nh5 9. Bxe7 Qxe7 10. O-O O-O 11. Qc2 g6 12. Rae1 Nb6 13. Ng3 Nxg3 14. hxg3 Be6 15. f3 Qg5 16. Qf2 Nc4 17. Bxc4 dxc4 18. e4 Rad8 19. f4 Qh5 20. f5 Bc8 21. a4 b6 22. d5 cxd5 23. Nxd5 Rxd5 24. exd5 Bxf5 25. Re5 Rd8 26. Rfe1 Qg4 27. Qf4 Kg7 28. Qxg4 Bxg4 29. R1e4 Bf5 30. Rxc4 Kf6 31. Re3 Rxd5 32. Rf3 Rd1+ 33. Kh2 Kg5 34. Rff4 Rd2 35. g4 Be6 36. Rb4 a5 37. Rbd4 Rxd4 38. Rxd4 Bxg4 39. Kg3 Be6 40. Rd6 Bb3 41. Rxb6 Bxa4 42. Rb7 1-0


[Site "https://www.chess.com"]

[Event "Titled Tuesday Blitz November 15 Early 2022"]
[White "Melikyan, Gnel"]
[Black "Hadzovic, Amir"]
[WhiteFideId "54109990"]
[BlackFideId "14402300"]
[WhiteElo "2138"]
[BlackElo "2262"]
[Result "0-1"]
[Round "06"]
[TimeControl "180+1"]
[Date "2022.11.16"]
[WhiteClock "0:00:23"]
[BlackClock "0:01:13"]

1. b3 e5 2. Bb2 d6 3. Nf3 f5 4. e3 Nf6 5. Be2 Be7 6. O-O c6 7. c4 O-O 8. c5 e4 9. cxd6 Bxd6 10. Ne5 Nbd7 11. d4 Bxe5 12. dxe5 Nd5 13. Nc3 N7b6 14. a4 a5 15. Qd4 Be6 16. Ba3 Rf7 17. Rfd1 Rd7 18. Bd6 Nb4 19. Rab1 N6d5 20. Nxd5 Nxd5 21. Bc4 Qe8 22. g3 Nb4 23. Qb6 Bxc4 24. bxc4 Nd3 25. Qd4 Qe6 26. Rb6 Nxe5 27. Kg2 Nxc4 0-1


[Site "https://www.chess.com"]

[Event "Titled Tuesday Blitz November 15 Early 2022"]
[White "Mgeladze, Tamaz"]
[Black "Vokhidov, Shamsiddin"]
[WhiteFideId "13601202"]
[BlackFideId "14204223"]
[WhiteElo "2288"]
[BlackElo "2619"]
[Result "0-1"]
[Round "06"]
[TimeControl "180+1"]
[Date "2022.11.15"]
[WhiteClock "0:00:06"]
[BlackClock "0:00:47"]

1. c4 e5 2. g3 Nf6 3. Bg2 c6 4. Nf3 e4 5. Nd4 Qb6 6. Nb3 a5 7. d3 a4 8. N3d2 Bc5 9. O-O e3 10. fxe3 Bxe3+ 11. Kh1 Ng4 12. Ne4 O-O 13. h3 Bxc1 14. Qxc1 d5 15. hxg4 dxe4 16. Bxe4 Bxg4 17. Nc3 Nd7 18. Qf4 f5 19. b3 axb3 20. axb3 Rxa1 21. Rxa1 Qxb3 22. Rc1 fxe4 23. Qxg4 Qb2 24. Rb1 Qxc3 25. Qxd7 exd3 26. Qxd3 Qxd3 27. exd3 Rf3 28. Rxb7 Rxd3 29. Rc7 Rxg3 30. Rxc6 h5 31. Kh2 Rc3 32. c5 Kh7 33. Rc8 Kg6 34. c6 Kg5 35. c7 Kg4 36. Kg2 Rc2+ 37. Kf1 h4 38. Ke1 h3 39. Kd1 Rc6 40. Ke2 Kg3 41. Kf1 h2 42. Rh8 Rxc7 0-1


[Site "https://www.chess.com"]

[Event "Titled Tuesday Blitz November 15 Early 2022"]
[White "Mihailidis, Anastasios"]
[Black "Bilan, Danila"]
[WhiteFideId "4205588"]
[BlackFideId "24161918"]
[WhiteElo "2312"]
[BlackElo "2173"]
[Result "1-0"]
[Round "06"]
[TimeControl "180+1"]
[Date "2022.11.16"]
[WhiteClock "0:00:52"]
[BlackClock "0:00:02"]

1. e4 c6 2. d4 d5 3. exd5 cxd5 4. Bd3 Nc6 5. c3 Qc7 6. Ne2 Bg4 7. f3 Bd7 8. O-O Nf6 9. Re1 e5 10. dxe5 Nxe5 11. Nd4 O-O-O 12. Bf4 Bd6 13. Bg3 Rhe8 14. Bf5 Bxf5 15. Nxf5 Nh5 16. Nxd6+ Qxd6 17. Bf2 Nf4 18. Qd4 Nh3+ 19. Kf1 Qa6+ 20. c4 Nxf2 21. Kxf2 dxc4 22. Qc5+ Nc6 23. Nc3 Qb6 24. Qxb6 axb6 25. Rad1 Rxe1 26. Rxe1 Rd2+ 27. Re2 Rxe2+ 28. Kxe2 Kd7 29. Nd5 b5 30. Ke3 Kd6 31. Nb6 Kc7 32. Nd5+ Kd6 33. Nf4 f5 34. Nh5 g6 35. Nf6 h5 36. Nh7 Ke5 37. f4+ Ke6 38. Nf8+ Kf6 39. Nd7+ Ke7 40. Nc5 b6 41. Na6 Kd7 42. a3 Kd6 43. h3 Kd5 44. Nc7+ Kc5 45. Ne6+ Kd6 46. Nf8 1-0


[Site "https://www.chess.com"]

[Event "Titled Tuesday Blitz November 15 Early 2022"]
[White "Mika, Tomasz"]
[Black "Odegov, Artem"]
[WhiteFideId "1132970"]
[BlackFideId "34183644"]
[WhiteElo "2126"]
[BlackElo "2298"]
[Result "1-0"]
[Round "06"]
[TimeControl "180+1"]
[Date "2022.11.16"]
[WhiteClock "0:00:08"]
[BlackClock "0:00:05"]

1. Nf3 d5 2. c4 e6 3. b3 Nf6 4. g3 c5 5. cxd5 exd5 6. d4 Nc6 7. Bg2 Be7 8. O-O O-O 9. Bb2 Bf5 10. Nc3 Rc8 11. Rc1 h6 12. dxc5 Bxc5 13. Nxd5 Bxf2+ 14. Rxf2 Nxd5 15. Nh4 Be6 16. e4 Ne3 17. Qh5 Bg4 18. Qc5 Nd4 19. Qxa7 Rxc1+ 20. Bxc1 Nd1 21. Rd2 Ne2+ 22. Kf1 Qf6+ 23. Nf5 Nxc1 24. Qd4 Bxf5 25. Qxf6 gxf6 26. Rxd1 Nxa2 27. exf5 b5 28. Rd7 Nc3 29. Rc7 b4 30. Rb7 Rd8 31. Bf3 Rd1+ 32. Bxd1 Nxd1 33. Rxb4 Ne3+ 34. Kf2 Nxf5 35. Rb8+ Kg7 36. b4 Nd6 37. b5 f5 38. b6 Kf6 39. Rd8 Nb7 40. Rd7 Nc5 41. Rc7 Na6 42. b7 Nxc7 43. b8=Q Ne6 44. Qh8+ Kg6 45. Kg2 Ng5 46. Qa1 Nh7 47. Qb1 Nf6 48. h3 h5 49. Kh2 Ne4 50. Qc1 Ng5 51. Kg2 Ne6 52. Qc8 Ng7 53. Qa8 f6 54. Qa6 Ne6 55. Qxe6 1-0


[Site "https://www.chess.com"]

[Event "Titled Tuesday Blitz November 15 Early 2022"]
[White "Mrudul Dehankar"]
[Black "Seifert, Henryk"]
[WhiteFideId "25096990"]
[BlackFideId "1100963"]
[WhiteElo "2068"]
[BlackElo "2120"]
[Result "1-0"]
[Round "06"]
[TimeControl "180+1"]
[Date "2022.11.16"]
[WhiteClock "0:00:03"]
[BlackClock "0:00:01"]

1. e4 e6 2. Nf3 d5 3. Nc3 Nf6 4. e5 Nfd7 5. d4 c5 6. dxc5 Nc6 7. Bf4 Bxc5 8. Bd3 f6 9. exf6 Nxf6 10. Qd2 O-O 11. O-O-O Nh5 12. Bg5 Qd6 13. Kb1 Bd7 14. Rhe1 Rae8 15. Nb5 Qb8 16. Bh4 Nf4 17. Bg3 a6 18. Nc3 Bd6 19. Ng5 g6 20. Ne2 e5 21. Bxf4 exf4 22. Nc3 Ne7 23. Ne6 Bxe6 24. Rxe6 Bc7 25. Rde1 Nc6 26. Nxd5 Rxe6 27. Rxe6 Be5 28. f3 Bg7 29. Ne7+ Nxe7 30. Rxe7 Rd8 31. Qe2 1-0


[Site "https://www.chess.com"]

[Event "Titled Tuesday Blitz November 15 Early 2022"]
[White "Nakamura, Hikaru"]
[Black "Svane, Rasmus"]
[WhiteFideId "2016192"]
[BlackFideId "4657101"]
[WhiteElo "2909"]
[BlackElo "2674"]
[Result "1/2-1/2"]
[Round "06"]
[TimeControl "180+1"]
[Date "2022.11.15"]
[WhiteClock "0:00:09"]
[BlackClock "0:00:14"]

1. Nf3 d5 2. g3 Nf6 3. Bg2 e6 4. c4 Be7 5. d4 O-O 6. Qc2 c5 7. O-O Nc6 8. cxd5 Nxd4 9. Nxd4 cxd4 10. dxe6 Bxe6 11. Bxb7 Rb8 12. Bg2 Qb6 13. Nd2 Rfc8 14. Qb1 Qb5 15. Nf3 Bc5 16. Bf4 Rb6 17. b3 Qxe2 18. Re1 Qb5 19. Bf1 Qc6 20. Qd3 Qd5 21. Be5 Nd7 22. Bxd4 Bxd4 23. Nxd4 Ne5 24. Qe4 Qxd4 25. Qxe5 Qxe5 26. Rxe5 Rc2 27. Ra5 Rd6 28. Rxa7 g6 29. b4 Rdd2 30. b5 Rb2 31. a4 Rxf2 32. Rc7 Rxh2 33. Rc5 Bh3 34. Bxh3 Rxh3 35. Rc3 Rhh2 36. a5 Rhg2+ 37. Kh1 Rh2+ 38. Kg1 Rhg2+ 39. Kh1 Rh2+ 40. Kg1 1/2-1/2


[Site "https://www.chess.com"]

[Event "Titled Tuesday Blitz November 15 Early 2022"]
[White "Narayanan, Srinath"]
[Black "Seemann, Jakub"]
[WhiteFideId "5018420"]
[BlackFideId "21874697"]
[WhiteElo "2459"]
[BlackElo "2275"]
[Result "0-1"]
[Round "06"]
[TimeControl "180+1"]
[Date "2022.11.16"]
[WhiteClock "0:00:10"]
[BlackClock "0:00:08"]

1. d4 Nf6 2. Nf3 e6 3. c4 d5 4. g3 dxc4 5. Bg2 c6 6. O-O b5 7. a4 Bb7 8. Ne5 a6 9. b3 cxb3 10. Qxb3 Qxd4 11. Bb2 Qb4 12. Qc2 Qc5 13. Qd3 Qd6 14. Qf3 Be7 15. Ra3 O-O 16. Rd3 Qc7 17. Rc1 Ra7 18. e4 c5 19. Qe2 c4 20. Rdd1 Nc6 21. Ng4 Nxg4 22. Qxg4 Ne5 23. Qf4 Bf6 24. Nc3 b4 25. Na2 Nf3+ 26. Bxf3 Qxf4 27. gxf4 Bxb2 28. Rxc4 a5 29. Rc7 Bxe4 30. Rxa7 Bxf3 31. Rd2 Bf6 32. Rxa5 b3 33. Rb5 bxa2 34. Rxa2 Rc8 35. Rb1 h5 36. a5 Bd4 37. a6 Ba7 38. h3 h4 39. Ra3 Bd5 40. Kf1 Rc2 41. f3 Rf2+ 42. Ke1 Rh2 43. Rb7 Bc5 44. Rb8+ Kh7 45. Ra5 Bf2+ 46. Kd1 Be3 47. Ra3 Bxf3+ 48. Ke1 Rh1# 0-1


[Site "https://www.chess.com"]

[Event "Titled Tuesday Blitz November 15 Early 2022"]
[White "Nguyen, Thai Dai Van"]
[Black "Zhao, Jun"]
[WhiteFideId "358878"]
[BlackFideId "8602522"]
[WhiteElo "2534"]
[BlackElo "2547"]
[Result "1-0"]
[Round "06"]
[TimeControl "180+1"]
[Date "2022.11.16"]
[WhiteClock "0:01:35"]
[BlackClock "0:01:17"]

1. e4 e5 2. Nf3 Nc6 3. Bb5 Nf6 4. d3 Bc5 5. Nbd2 d6 6. c3 O-O 7. O-O a6 8. Ba4 Ba7 9. h3 Ne7 10. d4 Ng6 11. Re1 h6 12. Nf1 c5 13. dxe5 dxe5 14. c4 Be6 15. Qc2 Nh5 16. Ne3 Nhf4 17. Nd5 Bb8 18. Rd1 Bd6 19. Nxf4 Nxf4 20. Bxf4 exf4 21. e5 1-0


[Site "https://www.chess.com"]

[Event "Titled Tuesday Blitz November 15 Early 2022"]
[White "Nugumanov, Bakhtiyar"]
[Black "Fathy, Elameir"]
[WhiteFideId "13701797"]
[BlackFideId "10600396"]
[WhiteElo "2287"]
[BlackElo "2311"]
[Result "1/2-1/2"]
[Round "06"]
[TimeControl "180+1"]
[Date "2022.11.16"]
[WhiteClock "0:00:01"]
[BlackClock "0:00:04"]

1. Nf3 d5 2. g3 Bg4 3. Bg2 e6 4. c4 c6 5. Ne5 Bf5 6. g4 Bg6 7. h4 Nd7 8. Nxd7 Qxd7 9. h5 Bxb1 10. Rxb1 dxc4 11. Qc2 b5 12. b3 cxb3 13. Qxc6 Rc8 14. Qxd7+ Kxd7 15. axb3 Bb4 16. O-O Nf6 17. Bf3 h6 18. Bb2 Ke7 19. d4 Rhg8 20. e4 g6 21. hxg6 Rxg6 22. Rfc1 Rxc1+ 23. Rxc1 Nxg4 24. Rc7+ Kd8 25. Rxa7 Ne5+ 26. Bg2 Nd3 27. Ba1 Nf4 28. Rxf7 Nxg2 29. Kf1 Be7 30. d5 exd5 31. exd5 Nh4 32. Bd4 Rg4 33. Be3 h5 34. Rh7 Nf5 35. Bb6+ Kd7 36. Rxh5 Rf4 37. Ke2 Nd6 38. Rh3 Re4+ 39. Kd3 Re5 40. Kd4 Bf6 41. Rh6 Bg7 42. Rh7 Re7+ 43. Kd3 Nf5 44. Rh5 Nd6 45. Bc5 Rf7 46. Rh2 Nc8 47. b4 Rf3+ 48. Ke2 Rf7 49. Rh3 Nd6 50. Ra3 Nc8 51. Ra8 Bf8 52. Ra5 Bd6 53. Rxb5 Re7+ 54. Kd2 Bf4+ 55. Kd3 Rh7 56. Rb7+ Bc7 57. d6 Nxd6 58. Bxd6 Kxd6 59. Rb5 Rh3+ 60. f3 Rh4 61. Ke3 Kc6 62. Rc5+ Kb6 63. Rc2 Rxb4 64. Kf2 Kb7 65. Kg2 Bb6 66. Kh3 Rb3 67. Kg4 Rb5 68. f4 Bc5 69. Re2 Kc6 70. Re6+ Kd5 71. Re8 Rb4 72. Rd8+ Bd6 73. Re8 Rxf4+ 74. Kg5 Rf1 75. Re2 Be5 76. Kg4 Rf4+ 77. Kg5 Ke6 78. Ra2 Rf5+ 79. Kg4 Rf1 80. Kg5 Rg1+ 81. Kh4 Kf5 82. Rf2+ Bf4 83. Kh3 Rg3+ 84. Kh2 Rg6+ 85. Kh3 Rg3+ 86. Kh2 Rf3+ 87. Kg2 Rg3+ 88. Kh2 1/2-1/2


[Site "https://www.chess.com"]

[Event "Titled Tuesday Blitz November 15 Early 2022"]
[White "Onslow, Alfie"]
[Black "Postnikov, Daniil"]
[WhiteFideId "436976"]
[BlackFideId "4166329"]
[WhiteElo "2015"]
[BlackElo "2261"]
[Result "0-1"]
[Round "06"]
[TimeControl "180+1"]
[Date "2022.11.16"]
[WhiteClock "0:00:03"]
[BlackClock "0:00:44"]

1. e4 c5 2. Nc3 e6 3. Nf3 Nc6 4. Bb5 Nge7 5. O-O a6 6. Bxc6 Nxc6 7. d4 cxd4 8. Nxd4 Be7 9. Nxc6 bxc6 10. e5 O-O 11. Qg4 f5 12. exf6 Bxf6 13. Ne4 d5 14. Nxf6+ Qxf6 15. Qe2 e5 16. c4 a5 17. b3 a4 18. Bb2 d4 19. b4 a3 20. Bc1 Bf5 21. Bd2 e4 22. Rac1 Bg6 23. Rfe1 Kh8 24. Rcd1 Qe5 25. Bc1 Qf6 26. Qd2 d3 27. Qe3 Qc3 28. Qc5 Rf5 29. Qxc6 Raf8 30. Bd2 Qb2 31. Be3 Rxf2 32. Bxf2 Qxf2+ 33. Kh1 d2 34. Rxe4 Qf1+ 35. Rxf1 Rxf1# 0-1


[Site "https://www.chess.com"]

[Event "Titled Tuesday Blitz November 15 Early 2022"]
[White "Oro, Faustino"]
[Black "Gokerkan, Cem Kaan"]
[WhiteFideId "20000197"]
[BlackFideId "6336760"]
[WhiteElo "2066"]
[BlackElo "2365"]
[Result "1-0"]
[Round "06"]
[TimeControl "180+1"]
[Date "2022.11.16"]
[WhiteClock "0:00:05"]
[BlackClock "0:00:03"]

1. e4 Nf6 2. e5 Nd5 3. d4 d6 4. c4 Nb6 5. exd6 cxd6 6. Nc3 g6 7. Be3 Bg7 8. Nf3 O-O 9. h3 Nc6 10. Be2 e5 11. O-O Bf5 12. dxe5 dxe5 13. Nd5 Nxd5 14. cxd5 Ne7 15. Bc5 Rc8 16. Ba3 Re8 17. d6 Nc6 18. Rc1 e4 19. Nh2 h5 20. Re1 Qd7 21. Nf1 Rcd8 22. Ne3 Be6 23. Nd5 Bxd5 24. Qxd5 Re5 25. Qd2 Bf8 26. Red1 e3 27. fxe3 Bh6 28. Rc3 Qe6 29. Bc4 Qd7 30. Rf1 Rf8 31. Qd3 Kg7 32. Rf3 Ra5 33. Bd5 Ne5 34. Qd4 Rxd5 35. Qxd5 Nxf3+ 36. Qxf3 Re8 37. Rc7 Qe6 38. Bc5 b6 39. Bd4+ Kg8 40. d7 Rd8 41. Qb7 Bg7 42. Qc8 Bf6 43. Bxf6 Qxe3+ 44. Kf1 Qf4+ 45. Ke2 Qe4+ 46. Kd2 Qxg2+ 47. Kc3 Qf3+ 48. Kb4 Qe4+ 49. Kb5 Qf5+ 50. Ka6 Qf1+ 51. Kb7 Qf3+ 52. Kb8 Qxf6 53. Qxd8+ Qxd8+ 54. Rc8 1-0


[Site "https://www.chess.com"]

[Event "Titled Tuesday Blitz November 15 Early 2022"]
[White "Osiecki, Stanislaw"]
[Black "Jiganchine, Roman"]
[WhiteFideId "1102990"]
[BlackFideId "2603667"]
[WhiteElo "2088"]
[BlackElo "2316"]
[Result "1/2-1/2"]
[Round "06"]
[TimeControl "180+1"]
[Date "2022.11.16"]
[WhiteClock "0:00:05"]
[BlackClock "0:00:05"]

1. e4 c6 2. d4 d5 3. e5 Bf5 4. Bd3 Bxd3 5. Qxd3 Qa5+ 6. c3 e6 7. Ne2 Qa6 8. Qf3 c5 9. O-O Nc6 10. Be3 Nge7 11. Ng3 Qb5 12. b3 a5 13. Nd2 Qd3 14. dxc5 Nxe5 15. Qh5 N7c6 16. Nf3 Qg6 17. Nxe5 Qxh5 18. Nxh5 Nxe5 19. Bd4 Nd3 20. Nxg7+ Bxg7 21. Bxg7 Rg8 22. Bd4 Rc8 23. b4 axb4 24. cxb4 Nxb4 25. Rab1 Nc6 26. Be3 d4 27. Bf4 e5 28. Rfe1 Rc7 29. Bxe5 Re7 30. Bd6 Rxe1+ 31. Rxe1+ Kd7 32. Rb1 Kc8 33. Kf1 Rg5 34. g3 Rh5 35. h4 Rd5 36. Ke2 d3+ 37. Kd2 f5 38. Rb3 Ne5 39. Bxe5 Rxe5 40. Rxd3 Rxc5 41. Re3 Kd7 42. f4 Ra5 43. a3 Ra4 44. Ke2 Kd6 45. Re5 Rxa3 46. Rxf5 Rxg3 47. Rf7 Rg4 48. Rxb7 Rxh4 49. Kf3 Ke6 50. Rb6+ Kf7 51. Rb7+ Kf6 52. Rb6+ Kf7 53. Rb7+ Kf6 54. Kg3 Rh1 55. Rb6+ Kf7 56. Rb7+ Kf6 57. Rb6+ Kf7 58. Rb7+ Kf6 1/2-1/2


[Site "https://www.chess.com"]

[Event "Titled Tuesday Blitz November 15 Early 2022"]
[White "Pajeken, Jakob Leon"]
[Black "Yuan, Qingyu"]
[WhiteFideId "12942839"]
[BlackFideId "8609772"]
[WhiteElo "2429"]
[BlackElo "2359"]
[Result "1-0"]
[Round "06"]
[TimeControl "180+1"]
[Date "2022.11.16"]
[WhiteClock "0:00:08"]
[BlackClock "0:00:17"]

1. d4 d5 2. Nf3 Nf6 3. c4 e6 4. Nc3 a6 5. e3 Nbd7 6. c5 b6 7. cxb6 cxb6 8. Bd3 Bd6 9. O-O Bb7 10. b3 O-O 11. Bb2 Rc8 12. Rc1 Ne4 13. Nd2 f5 14. Ne2 Qe7 15. f3 Qh4 16. Nf4 Bxf4 17. exf4 Qxf4 18. Rxc8 Rxc8 19. fxe4 Qe3+ 20. Kh1 Qxd3 21. exf5 exf5 22. Qe1 Nf6 23. Qe6+ Kh8 24. Bc1 h6 25. h3 Re8 26. Qxf5 Qxd4 27. Nf3 Qe4 28. Qxe4 Nxe4 29. Kh2 Nc3 30. Bb2 Nxa2 31. Nh4 Kg8 32. Nf5 Re2 33. Bd4 Rd2 34. Re1 Bc6 35. Ne7+ Kh7 36. Nxc6 a5 37. Re7 Kg6 38. Rxg7+ Kf5 39. Rf7+ Ke6 40. Rf6+ Kd7 41. Ne5+ Ke7 42. Rxb6 Nb4 43. Bc5+ Ke8 44. Rb8# 1-0


[Site "https://www.chess.com"]

[Event "Titled Tuesday Blitz November 15 Early 2022"]
[White "Palencia Morales, Wilson Guillermo"]
[Black "Vifleemskaia, Svetlana"]
[WhiteFideId "4401859"]
[BlackFideId "4129490"]
[WhiteElo "2160"]
[BlackElo "1929"]
[Result "1-0"]
[Round "06"]
[TimeControl "180+1"]
[Date "2022.11.16"]
[WhiteClock "0:01:55"]
[BlackClock "0:01:09"]

1. d4 Nf6 2. Nf3 d5 3. c4 dxc4 4. Nc3 a6 5. a4 Nc6 6. e4 Na5 7. Bg5 e6 8. e5 h6 9. Bh4 g5 10. exf6 gxh4 11. Ne5 Qxf6 12. Be2 Bg7 13. O-O O-O 14. f4 Rd8 15. Bh5 Nb3 16. Bxf7+ Kh7 17. Qc2+ Qf5 18. Bg6+ Kg8 19. Bxf5 exf5 20. d5 Nxa1 21. Rxa1 c6 22. Rd1 cxd5 23. Nxd5 Be6 24. Nc7 1-0


[Site "https://www.chess.com"]

[Event "Titled Tuesday Blitz November 15 Early 2022"]
[White "Papasimakopoulos, Alexandros"]
[Black "Gorodetzky, David"]
[WhiteFideId "4244125"]
[BlackFideId "2813416"]
[WhiteElo "2365"]
[BlackElo "2497"]
[Result "0-1"]
[Round "06"]
[TimeControl "180+1"]
[Date "2022.11.15"]
[WhiteClock "0:00:08"]
[BlackClock "0:00:08"]

1. d4 Nf6 2. c4 e6 3. Nc3 d5 4. cxd5 Nxd5 5. e4 Nxc3 6. bxc3 c5 7. Rb1 Be7 8. Nf3 O-O 9. Bc4 Qc7 10. Qe2 a6 11. O-O b5 12. Bd3 Bb7 13. a4 bxa4 14. Bf4 Qc8 15. Ra1 Nd7 16. Rxa4 Rd8 17. h4 Nf6 18. Rfa1 cxd4 19. cxd4 Qc6 20. Rc4 Qe8 21. Rc7 Rd7 22. Rc2 h6 23. Rb2 a5 24. Bb5 Bxe4 25. Ne5 Bd5 26. Nxd7 Nxd7 27. Bxd7 Qxd7 28. Qb5 Bc6 29. Qc4 a4 30. h5 a3 31. Rb3 a2 32. Be5 Bd5 33. Qb5 Qxb5 34. Rxb5 f6 35. Bf4 Kf7 36. f3 Ra4 37. Be3 Ra3 38. Kf2 Rc3 39. Rxd5 Rc2+ 40. Ke1 exd5 41. Bd2 Rb2 42. Bc3 Rb1+ 43. Kd2 Bb4 44. Rxa2 Bxc3+ 45. Kxc3 Rh1 46. Ra7+ Kg8 47. Ra8+ Kf7 48. Ra7+ Kg8 49. Rd7 Rxh5 50. Kd3 Rg5 51. g4 h5 52. gxh5 Rxh5 53. Ke3 Rf5 54. f4 Kf8 55. Ra7 Rh5 56. Rd7 Rf5 57. Ra7 Kg8 58. Rd7 Kh7 59. Re7 Kg6 60. Rc7 Kh6 61. Rd7 g6 62. Rd6 Kh5 63. Rd8 Kg4 64. Rg8 g5 65. fxg5 fxg5 66. Rd8 Kg3 67. Rd6 g4 68. Rg6 Kh3 69. Rh6+ Kg2 70. Re6 g3 71. Re5 Rxe5+ 72. dxe5 Kf1 73. e6 g2 74. e7 g1=Q+ 75. Kd3 Qg6+ 76. Kd4 Qe8 77. Kxd5 Qxe7 78. Kd4 Ke2 0-1


[Site "https://www.chess.com"]